 Dungeon Sprint DCSS version 0.28.0-53-g5a82cb258f (webtiles) character file.

Game seed: 5328376964657064505

23 Zeld the Chopper (level 2, 0/28 HPs)
             Began as a Minotaur Berserker on June 5, 2022.
             Was an Elder of Trog.
             Slain by a scorpion (8 damage)
             ... in the Dungeon (Sprint VII: "The Pits").
             The game lasted 00:00:26 (265 turns).

Zeld the Chopper (Minotaur Berserker)                Turns: 265, Time: 00:00:27

Health: 0/28       AC:  2    Str: 21    XL:     2   Next: 75%
Magic:  1/1        EV: 12    Int:  4    God:    Trog [****..]
Gold:   0          SH:  0    Dex:  9    Spells: 1/1 levels left

rFire   . . .      SeeInvis .   a - +0 hand axe
rCold   . . .      Faith    .   (no shield)
rNeg    . . .      Spirit   .   b - +0 animal skin
rPois   .          Reflect  .   (helmet restricted)
rElec   .          Harm     .   (no cloak)
rCorr   .          Rampage  .   (no gloves)
Will    .....      NoTele   +   (no boots)
Stlth   +.........              (no amulet)
HPRegen 0.09/turn               (no ring)
MPRegen 0.07/turn               (no ring)

@: lethally poisoned (0 -> -7)
A: horns 2, retaliatory headbutt
a: Renounce Religion, Berserk, Trog's Hand, Brothers in Arms


You were in the Dungeon.
You worshipped Trog.
Trog was greatly pleased with you.
You visited 1 branch

Inventory:

Hand Weapons
 a - a +0 hand axe (weapon)
Armour
 b - a +0 animal skin (worn)
Scrolls
 h - a scroll of blinking
 j - a scroll of summoning
Potions
 c - a potion of curing
 d - a potion of heal wounds
 e - a potion of haste
 f - 4 potions of magic
 g - 3 potions of berserk rage
 i - 2 potions of invisibility


   Skills:
 + Level 4.9 Fighting
 * Level 6.0 Axes
 - Level 2.4 Armour
 + Level 3.7 Dodging


You had one spell level left.
You didn't know any spells.
Your spell library was empty.

Dungeon Overview and Level Annotations

Branches:
Dungeon (1/1)

Altars:
Ashenzari
Cheibriados
Dithmenos
Elyvilon
Fedhas
Gozag
Hepliaklqana
Kikubaaqudgha
Makhleb
Nemelex Xobeh
Okawaru
Qazlal
Ru
Sif Muna
Trog
Uskayaw
Vehumet
Wu Jian
Xom
Yredelemnul
Zin
The Shining One
Beogh
Jiyva
Lugonu


Innate Abilities, Weirdness & Mutations

You have a pair of horns on your head.
You reflexively headbutt those who attack you in melee.


Message History

You hit the adder.
The adder is heavily wounded.
You feel sick. The adder barely misses you. You furiously retaliate!
You headbutt the adder. You completely miss the adder.
Your headbutt misses the adder.
The adder is severely wounded.
You miss the adder.
You feel sick.
You are no longer poisoned.
The adder completely misses you. The adder closely misses you.
The adder barely misses you.
You hit the adder.
The adder is almost dead.
You barely miss the adder. The adder bites you.
You are poisoned.
The adder poisons you! The adder bites you. The adder barely misses you.
You miss the adder.
The adder is almost dead.
You hit the adder.
You feel sick. The adder bites you. The adder closely misses you.
You are too injured to fight recklessly!
You slash the adder!
You kill the adder!
Trog accepts your kill.
You barely miss the adder.
You feel sick. The adder misses you. The adder closely misses you.
Your Axes skill increases to level 6!
Unknown command.
A white imp and a scorpion come into view.
You feel sick.
The white imp shouts!
The adder bites you.
You are more poisoned.
The adder poisons you!
You completely miss the adder. You headbutt the adder!
You kill the adder!
Trog accepts your kill.
You hit the scorpion but do no damage.
* * * LOW HITPOINT WARNING * * *
You feel sick. The scorpion stings you!
You die...

#...........†.........
#+#####)#####†.....#..
#.†#..# #.........
#..'..# ####'#####
#..#### #.......#
#..#..# #.......#
#..#.5# #.......#
##'#s.#+###...<...#
#..@.....##.......#
#........##.......#
###########.......#
#########


You could see a scorpion and a white imp.

Vanquished Creatures
  2 adders (D)
  A ball python (D)
  A bat (D)
  A goblin (D)
  7 jackals (D)
  A rat (D)
13 creatures vanquished.

Notes
Turn   | Place    | Note
-------+----------+-------------------------------------------
     0 | D        | Zeld the Minotaur Berserker began the quest for the Orb.
     0 | D        | Reached XP level 1. HP: 19/19 MP: 0/0
    10 | D        | Reached skill level 4 in Axes
    17 | D        | Reached ** piety under Trog
    22 | D        | Found a bloodstained altar of Trog.
    22 | D        | Found a shimmering blue altar of Sif Muna.
    22 | D        | Found a viscous altar of Jiyva.
    22 | D        | Found a hazy altar of Hepliaklqana.
    22 | D        | Found an opulent altar of Gozag.
    23 | D        | Found a glowing golden altar of the Shining One.
    23 | D        | Found a glowing silver altar of Zin.
    23 | D        | Found a basalt altar of Yredelemnul.
    23 | D        | Found a shimmering altar of Xom.
    23 | D        | Found an ornate altar of the Wu Jian Council.
    23 | D        | Found a sacrificial altar of Ru.
    23 | D        | Found a stormy altar of Qazlal.
    23 | D        | Found an iron altar of Okawaru.
    23 | D        | Found a sparkling altar of Nemelex Xobeh.
    23 | D        | Found a burning altar of Makhleb.
    23 | D        | Found a blossoming altar of Fedhas.
    23 | D        | Found a white marble altar of Elyvilon.
    23 | D        | Found a shadowy altar of Dithmenos.
    23 | D        | Found a snail-covered altar of Cheibriados.
    24 | D        | Found a radiant altar of Vehumet.
    24 | D        | Found a corrupted altar of Lugonu.
    25 | D        | Found an ancient bone altar of Kikubaaqudgha.
    25 | D        | Found a hide-covered altar of Uskayaw.
    25 | D        | Found a broken altar of Ashenzari.
   162 | D        | Reached skill level 5 in Axes
   162 | D        | Reached XP level 2. HP: 27/28 MP: 1/1
   163 | D        | Reached *** piety under Trog
   166 | D        | Reached **** piety under Trog
   264 | D        | Reached skill level 6 in Axes
   264 | D        | Noticed a scorpion
   265 | D        | Slain by a scorpion

Illustrated notes

Levels and vault maps discovered:
D:        pitsprint [storerooms_1, entrance_room_1, metal_vault_1, armoury_1,
          mini_pit_1, grid_room_1, main_hall_1, silver_pit, the_coven_1,
          the_vestibule_1, steel_vault_2, golden_pit, hallway_of_sentries,
          crystal_vault_4, iron_vault_4, final_vault]

Skill      XL: |  1  2 |
---------------+-------+-----
Axes           | 5 6 |  6.0
Fighting       | 4 |  4.9
Dodging        | 3 |  3.7
Armour         | |  2.4

Action                   || total
-------------------------++-------
Melee: Hand axe          ||    24
       Headbutt          ||     3
Armor: Animal skin       ||     5
Dodge: Dodged            ||    23
